2473 views
Uploaded 2020-02-09 16:24:22
Game version 1.32 / 1.32.1
23:20 long 1on1 ladder game on (4)TwistedMeadows
Saved by Grim
2473 views
Uploaded 2020-02-09 16:24:22
Game version 1.32 / 1.32.1
23:20 long 1on1 ladder game on (4)TwistedMeadows

24 units @ 5k
/ 1k
24 buildings @ 3.8k
/ 1.7k



| Rod of Necromancy | 3 | 450 |
| Orb of Corruption | 1 | 375 |
| Dust of Appearance | 1 | 75 |
| Scroll of Healing | 2 | 500 |
| Scroll of Town Portal | 1 | 350 |
| total: | 8 | 1750g |
| Acolyte | 3 | 225 | / | 0 |
| Ghoul | 3 | 360 | / | 0 |
| Crypt Fiend | 9 | 1935 | / | 360 |
| Obsidian Statue | 3 | 600 | / | 105 |
| Abomination | 3 | 720 | / | 210 |
| Frost Wyrm | 3 | 1155 | / | 360 |
| total: | 24 | 4995g | / | 1035w |
| Crypt | 1 | 200 | / | 50 |
| Altar of Darkness | 1 | 180 | / | 50 |
| Ziggurat | 14 | 2100 | / | 700 |
| Graveyard | 1 | 215 | / | 0 |
| Tomb of Relics | 1 | 130 | / | 30 |
| Necropolis | 1 | 225 | / | 0 |
| Slaughterhouse | 1 | 140 | / | 135 |
| Sacrificial Pit | 1 | 75 | / | 150 |
| Boneyard | 3 | 525 | / | 600 |
| Halls of the Dead | 1 | 320 | / | 210 |
| Black Citadel | 1 | 325 | / | 230 |
| total: | 24 | 3790g | / | 1715w |
| 0:03 | Acolyte |
| 0:05 | Crypt |
| 0:12 | Altar of Darkness |
| 0:15 | Acolyte |
| 0:37 | Ziggurat |
| 1:02 | Graveyard |
| 1:08 | Ghoul |
| 1:23 | Ghoul |
| 1:36 | Tomb of Relics |
| 1:51 | Ziggurat |
| 2:24 | Crypt Fiend |
| 2:25 | Death Coil |
| 2:39 | Rod of Necromancy |
| 2:39 | Dust of Appearance |
| 3:00 | Crypt Fiend |
| 3:45 | Ghoul |
| 4:00 | Halls of the Dead |
| 4:19 | Crypt Fiend |
| 4:35 | Crypt Fiend |
| 4:39 | Ziggurat |
| 4:45 | Crypt Fiend |
| 4:51 | Unholy Aura |
| 5:34 | Crypt Fiend |
| 5:41 | Ziggurat |
| 5:46 | Rod of Necromancy |
| 6:35 | Slaughterhouse |
| 6:46 | Burrow |
| 7:26 | Frost Nova |
| 7:44 | Death Coil |
| 8:08 | Black Citadel |
| 8:09 | Obsidian Statue |
| 8:10 | Crypt Fiend |
| 8:29 | Creature Attack |
| 9:36 | Crypt Fiend |
| 9:36 | Obsidian Statue |
| 9:39 | Ziggurat |
| 10:42 | Frost Arrows |
| 10:44 | Dark Ritual |
| 11:03 | Orb of Corruption |
| 11:13 | Scroll of Healing |
| 11:20 | Rod of Necromancy |
| 11:35 | Crypt Fiend |
| 11:37 | Disease Cloud |
| 11:40 | Sacrificial Pit |
| 12:12 | Abomination |
| 12:37 | Unholy Aura |
| 13:00 | Ziggurat |
| 13:00 | Ziggurat |
| 13:01 | Boneyard |
| 13:03 | Ziggurat |
| 13:04 | Ziggurat |
| 13:05 | Boneyard |
| 13:08 | Boneyard |
| 13:09 | Ziggurat |
| 13:28 | Forked Lightning |
| 13:59 | Frost Nova |
| 14:09 | Acolyte |
| 14:20 | Frost Wyrm |
| 15:10 | Frost Wyrm |
| 15:18 | Scroll of Town Portal |
| 15:43 | Frost Wyrm |
| 16:07 | Forked Lightning |
| 16:18 | Abomination |
| 16:42 | Ghoul Frenzy |
| 17:10 | Improved Creature Attack |
| 17:47 | Ziggurat |
| 17:47 | Ziggurat |
| 17:49 | Ziggurat |
| 17:49 | Ziggurat |
| 18:18 | Dark Ritual |
| 18:49 | Death Coil |
| 18:51 | Frost Arrows |
| 19:10 | Obsidian Statue |
| 19:14 | Abomination |
| 19:31 | Unholy Armor |
| 20:26 | Advanced Creature Attack |
| 21:18 | Scroll of Healing |
| 21:32 | Necropolis |
| Right click | 1542 |
| Select group | 1230 |
| Assign group | 369 |
| Select | 350 |
| Build/train/purchase | 156 |
| Use ability | 51 |
| Chat | 30 |
| Item give/drop | 8 |
| Misc. action | 5 |
| Remove unit | 4 |
44 units @ 6.7k
/ 1.3k
13 buildings @ 2.3k
/ 0.8k


| Boots of Speed | 1 | 250 |
| total: | 1 | 250g |
| Wisp | 10 | 600 | / | 0 |
| Archer | 18 | 2340 | / | 180 |
| Dryad | 2 | 290 | / | 120 |
| Druid of the Claw | 12 | 3060 | / | 960 |
| Forest Troll Shadow Priest | 2 | 390 | / | 20 |
| total: | 44 | 6680g | / | 1280w |
| Altar of Elders | 1 | 180 | / | 50 |
| Moon Well | 8 | 1440 | / | 320 |
| Ancient of War | 1 | 150 | / | 60 |
| Hunter's Hall | 1 | 210 | / | 100 |
| Ancient of Lore | 2 | 310 | / | 290 |
| Tree of Ages | 1 | 320 | / | 180 |
| Tree of Eternity | 1 | 330 | / | 200 |
| total: | 13 | 2290g | / | 820w |
| 0:01 | Wisp |
| 0:05 | Altar of Elders |
| 0:11 | Wisp |
| 0:16 | Moon Well |
| 0:20 | Wisp |
| 0:27 | Wisp |
| 0:52 | Wisp |
| 1:03 | Ancient of War |
| 1:10 | Wisp |
| 1:19 | Wisp |
| 1:26 | Moon Well |
| 1:37 | Wisp |
| 1:50 | Wisp |
| 2:12 | Archer |
| 2:23 | Archer |
| 3:15 | Immolation |
| 4:34 | Tree of Ages |
| 4:41 | Forest Troll Shadow Priest |
| 4:56 | Moon Well |
| 4:58 | Hunter's Hall |
| 5:11 | Evasion |
| 6:17 | Moon Well |
| 6:20 | Archer |
| 6:20 | Archer |
| 6:33 | Forest Troll Shadow Priest |
| 6:44 | Archer |
| 7:11 | Archer |
| 7:19 | Ancient of Lore |
| 7:24 | Ancient of Lore |
| 7:41 | Archer |
| 7:52 | Reinforced Hides |
| 7:56 | Moon Well |
| 7:58 | Archer |
| 8:22 | Archer |
| 8:37 | Entangling Roots |
| 8:44 | Dryad |
| 9:12 | Archer |
| 9:13 | Dryad |
| 9:34 | Archer |
| 9:37 | Tree of Eternity |
| 9:39 | Druid of the Claw |
| 9:57 | Druid of the Claw Adept Training |
| 10:02 | Druid of the Claw |
| 10:08 | Improved Bows |
| 10:52 | Druid of the Claw Master Training |
| 10:55 | Druid of the Claw |
| 11:14 | Archer |
| 11:20 | Moon Well |
| 11:57 | Archer |
| 12:05 | Evasion |
| 12:07 | Thorns Aura |
| 12:28 | Druid of the Claw |
| 12:58 | Druid of the Claw |
| 13:15 | Marksmanship |
| 13:53 | Druid of the Claw |
| 13:58 | Entangling Roots |
| 14:04 | Moon Well |
| 14:46 | Immolation |
| 15:14 | Druid of the Claw |
| 15:46 | Improved Reinforced Hides |
| 16:14 | Moon Well |
| 16:51 | Archer |
| 16:53 | Mark of the Claw |
| 17:35 | Boots of Speed |
| 17:50 | Druid of the Claw |
| 18:14 | Thorns Aura |
| 19:02 | Archer |
| 19:03 | Archer |
| 19:05 | Druid of the Claw |
| 19:30 | Druid of the Claw |
| 19:33 | Strength of the Wild |
| 19:55 | Druid of the Claw |
| 20:01 | Archer |
| 20:27 | Druid of the Claw |
| 20:35 | Wisp |
| 20:49 | Archer |
| Right click | 1012 |
| Select group | 457 |
| Select | 411 |
| Build/train/purchase | 96 |
| Chat | 43 |
| Use ability | 36 |
| Assign group | 33 |
| Misc. action | 4 |
| Remove unit | 3 |
| Item give/drop | 2 |